 Dungeon Crawl Stone Soup version 0.28.0-53-g5a82cb258f (webtiles) character file.

Game seed: 14703235574286123812

7520 styxcanada the Covert (level 10, -9/49 HPs)
             Began as a Spriggan Brigand on June 10, 2022.
             Was an Initiate of Gozag.
             Mangled by an ice devil (12 damage)
             ... summoned by a kobold demonologist
             ... on level 9 of the Dungeon.
             The game lasted 00:55:51 (11719 turns).

styxcanada the Covert (Spriggan Brigand)           Turns: 11719, Time: 00:55:51

Health: -9/49      AC:  8    Str:  7    XL:     10   Next: 95%
Magic:  0/37       EV: 22    Int: 13    God:    Gozag
Gold:   275        SH:  8    Dex: 21    Spells: 15/20 levels left

rFire   + + .      SeeInvis +   l - +2 short sword (elec)
rCold   . . .      Faith    .   t - +0 buckler
rNeg    . . .      Spirit   +   j - +2 robe {rF+}
rPois   .          Reflect  .   q - +0 hat "Vurytu" {rF+ MP+9}
rElec   .          Harm     .   c - +2 cloak
rCorr   .          Rampage  .   (gloves unavailable)
Will    ++...      Clarity  +   (boots unavailable)
Stlth   +++++.....              h - amulet of guardian spirit
HPRegen 0.16/turn               y - ring of magical power
MPRegen 0.25/turn               H - ring of willpower

@: mighty, spiked, gold aura, very quick
A: very small, no large weapons, unfitting armour, see invisible, speed 3,
clarity, shaggy fur 1
a: Renounce Religion, Potion Petition, Call Merchant, Bribe Branch


You were on level 9 of the Dungeon.
You worshipped Gozag.
Gozag was aware of your devotion.
You visited 1 branch of the dungeon, and saw 9 of its levels.

You collected 1537 gold pieces.
You spent 471 gold pieces at shops.
You paid 791 gold pieces to Gozag.

Inventory:

Hand Weapons
 a - a +2 dagger
 l - a +2 short sword of electrocution (weapon)
 n - a +0 hunting sling
 G - a +1 dagger of protection
Missiles
 d - 21 poisoned darts (quivered)
 e - 3 curare-tipped darts
 g - 345 stones
 i - 9 boomerangs
Armour
 c - a +2 cloak (worn)
 j - a +2 robe of fire resistance (worn)
 q - the +0 hat "Vurytu" (worn) {rF+ MP+9}
   (You found it on level 3 of the Dungeon)

   rF:        It protects you from fire.
   MP:        It affects your magic capacity (+9).
 t - a +0 buckler (worn)
 E - a +2 hat
Jewellery
 h - an amulet of guardian spirit (around neck)
 y - a ring of magical power (left hand)
 H - a ring of willpower (right hand)
Wands
 p - a wand of mindburst (17)
 C - a wand of digging (5)
Scrolls
 k - a scroll of amnesia
 m - 2 scrolls of magic mapping
 v - 2 scrolls of enchant armour
 z - 2 scrolls of identify
 A - 2 scrolls of immolation
 B - a scroll of fear
 F - 2 scrolls of blinking
Potions
 b - 5 potions of curing
 f - 2 potions of resistance
 r - 3 potions of mutation
 s - a potion of magic
 u - a potion of brilliance
 w - a potion of might
 x - a potion of flight
 D - 2 potions of haste


   Skills:
 + Level 3.8 Fighting
 + Level 5.9 Short Blades
 + Level 1.6(4.4) Slings
 + Level 5.4(5.5) Throwing
 * Level 7.7 Dodging
 * Level 12.5 Stealth
 * Level 3.8 Shields
 * Level 5.7 Spellcasting
 * Level 6.2 Hexes
 * Level 3.5 Ice Magic
 * Level 6.4 Evocations


You had 15 spell levels left.
You knew the following spells:

 Your Spells              Type           Power      Damage    Failure   Level
a - Metabolic Englaciati  Hex/Ice        8%         N/A       78%         5

Your spell library contained the following spells:

 Spells                   Type           Power      Damage    Failure   Level
 Freeze                   Ice            52%        1d7       8%          1
 Frozen Ramparts          Ice            26%        1d4       24%         3
 Ozocubu's Armour         Ice            13%        N/A       24%         3
 Hailstorm                Conj/Ice       8%         3d4       86%         4
 Ice Form                 Ice/Tmut       8%         N/A       86%         4
 Summon Ice Beast         Ice/Summ       8%         N/A       86%         4
 Conjure Ball Lightning   Conj/Air       1%         3x3d6     100%        6
 Simulacrum               Ice/Necr       4%         N/A       100%        6
 Discord                  Hex            9%         N/A       100%        8
 Disjunction              Tloc           1%         N/A       100%        8


Dungeon Overview and Level Annotations

Branches:
Dungeon (9/15)             Temple (0/1) D:7            Lair (0/6) D:9
    Orc: D:9-12

Altars:
Ashenzari
Elyvilon
Gozag
Hepliaklqana
Makhleb
Ru
Sif Muna
Trog
Uskayaw
Yredelemnul

Shops:
D:3 [?   D:4 ?   D:9 (


Innate Abilities, Weirdness & Mutations

You are very small and have problems with some larger weapons.
You are too small for most types of armour.
You have supernaturally acute eyesight. (SInv)
You cover ground extremely quickly. (Speed+++)
You possess an exceptional clarity of mind.
You are covered in fur. (AC +1)


Message History

You feel better. You block the white imp's attack.
The crimson imp closely misses you. The kobold demonologist misses you.
The warg misses you. The orange demon barely misses you.
The orange demon completely misses you.
You feel very mighty all of a sudden. The crimson imp misses you.
You block the white imp's attack. The warg bites you.
The kobold demonologist casts a cantrip, but nothing happens.
You block the orange demon's attack. The orange demon completely misses you.
You puncture the warg!
The warg is almost dead.
You block the white imp's attack. The crimson imp closely misses you.
The warg bites you.
* * * LOW HITPOINT WARNING * * *
The kobold demonologist casts a cantrip, but nothing happens.
You puncture the warg!
You kill the warg!
The orange demon stings you but does no damage.
The orange demon misses you. The crimson imp closely misses you.
The white imp gestures at you. The puff of frost hits you!
* * * LOW HITPOINT WARNING * * *
You block the kobold demonologist's attack.
You puncture the ice devil!
The ice devil is moderately wounded.
You carefully extract the barbed spikes from your body.
The red devil is no longer distracted by gold.
The red devil hits you from afar with a +0 trident.
* * * LOW HITPOINT WARNING * * *
Barbed spikes become lodged in your body.
The orange demon is distracted by your dazzling golden aura.
The crimson imp misses you. The white imp gestures at you.
The puff of frost hits you.
* * * LOW HITPOINT WARNING * * *
The ice devil hits you.
* * * LOW HITPOINT WARNING * * *
The ice devil freezes you!
You die...
Your body crumbles into a pile of gold.

)..#..........##...#.......##'###
...#...##..........#..###........
...#...##..........#..###...#####
#..#...##.....##P...P.P.P..##
..(#...##.....##.#..#..#..##≈
...#..........##≈≈≈≈≈≈≈≈≈≈≈≈≈.[.≈
...######....................._.⌠
........#......455≈≈≈≈≈≈≈≈≈≈≈...≈
........#.....##@#..#(.#..##≈≈⌠≈≈
........########K4..$)($..# #≈≈≈#
.....##.#.....##4<$#####((# ####
........#...)(.....# ......
##.##'###..........# ....
##.#...##..........# ...
...#...##..........#
...#...##..........#
...#...#############


You could see an orange demon (summoned, unaware), an ice devil (summoned), a
kobold demonologist, a red devil (summoned), a crimson imp (summoned) and a
white imp (summoned).

Vanquished Creatures
  Pikel (D:6)
  A komodo dragon (D:6)
  2 wyverns (D:7)
  8 yaks
  4 steam dragons
  11 wargs (D:9)
  A hornet zombie (D:6)
  A sky beast (D:7)
  A black bear (D:6)
  A necrophage (D:6)
  An ice beast (D:7)
  4 orc warriors
  An ogre (D:5)
  4 centaurs
  2 phantoms (D:5)
  3 kobold brigands
  2 bullfrogs (D:8)
  A gnoll sergeant (D:9)
  4 scorpions
  2 wyvern zombies
  9 wights
  An electric eel (D:9)
  4 howler monkeys
  A centaur zombie (D:8)
  A bullfrog zombie (D:6)
  A hound (D:7)
  2 gnoll shamans (D:9)
  4 orc priests
  2 jellies
  2 bullfrog skeletons
  A centaur skeleton (D:6)
  3 iguanas
  4 orc wizards (D:9)
  A killer bee zombie (D:6)
  A hound zombie (D:5)
  A howler monkey skeleton (D:7)
  8 adders
  8 gnolls
  A white imp (D:7)
  An adder skeleton (D:4)
  An adder zombie (D:5)
  A worm (D:4)
  A dart slug (D:3)
  10 orcs
  6 ball pythons
  10 endoplasms
  6 giant cockroaches
  7 goblins
  10 hobgoblins
  2 jackals (D:2)
  4 quokkas
  4 bats
  4 frilled lizards
  22 kobolds
  4 rats
203 creatures vanquished.

Vanquished Creatures (others)
  A fungus (D:9)
  13 plants (D:9)
14 creatures vanquished.

Grand Total: 217 creatures vanquished

Notes
Turn   | Place    | Note
-------+----------+-------------------------------------------
     0 | D:1      | styxcanada the Spriggan Brigand began the quest for the
                  | Orb.
     0 | D:1      | Reached XP level 1. HP: 10/10 MP: 2/2
    85 | D:1      | Reached skill level 6 in Stealth
   315 | D:1      | Reached XP level 2. HP: 12/15 MP: 3/3
   624 | D:1      | Found a faded altar of an unknown god.
  1064 | D:2      | Reached XP level 3. HP: 18/18 MP: 4/4
  1278 | D:2      | Reached skill level 7 in Stealth
  1723 | D:2      | Reached XP level 4. HP: 22/23 MP: 5/5
  2619 | D:3      | Found Guerphiun's Antique Armour Shop.
  2774 | D:3      | Identified the +0 hat "Vurytu" {rF+ MP+9}
  2902 | D:3      | Reached XP level 5. HP: 26/26 MP: 6/6
  2904 | D:3      | Reached skill level 8 in Stealth
  3316 | D:3      | Found Efesuwk's Magic Scroll Boutique.
  3323 | D:3      | Bought a scroll of identify for 20 gold pieces
  4263 | D:4      | You fall into a shaft and drop 1 floor!
  4263 | D:5      | Entered Level 5 of the Dungeon
  4285 | D:5      | Noticed a phantom
  4426 | D:4      | Found Cupiumur's Magic Scroll Shoppe.
  4448 | D:4      | Bought a scroll of identify for 24 gold pieces
  4448 | D:4      | Bought a scroll of immolation for 42 gold pieces
  4915 | D:5      | Noticed a phantom
  4925 | D:5      | Killed a phantom
  4926 | D:5      | Reached skill level 1 in Evocations
  4926 | D:5      | Reached XP level 6. HP: 29/32 MP: 7/7
  4932 | D:5      | Reached skill level 9 in Stealth
  4977 | D:5      | Found a broken altar of Ashenzari.
  4978 | D:5      | Found a shimmering blue altar of Sif Muna.
  4980 | D:5      | Found a sacrificial altar of Ru.
  4982 | D:5      | Found a bloodstained altar of Trog.
  4982 | D:5      | Found an opulent altar of Gozag.
  4983 | D:5      | Found a hazy altar of Hepliaklqana.
  4991 | D:5      | Became a worshipper of Gozag Ym Sagoz the Greedy
  5144 | D:5      | Learned a level 5 spell: Metabolic Englaciation
  5521 | D:5      | Reached skill level 1 in Shields
  5521 | D:5      | Reached XP level 7. HP: 35/35 MP: 8/8
  5708 | D:6      | Noticed Pikel
  5795 | D:6      | Killed Pikel
  5796 | D:6      | Reached skill level 10 in Stealth
  5796 | D:6      | Reached skill level 1 in Spellcasting
  5796 | D:6      | Reached skill level 1 in Hexes
  5796 | D:6      | Reached skill level 1 in Ice Magic
  5796 | D:6      | Reached XP level 8. HP: 40/40 MP: 11/11
  6194 | D:4      | Bought a scroll of noise for 12 gold pieces
  6194 | D:4      | Bought a scroll of identify for 24 gold pieces
  6194 | D:4      | Bought a scroll of identify for 24 gold pieces
  6194 | D:4      | Bought a scroll of identify for 24 gold pieces
  6200 | D:4      | Gained mutation: You are covered in fur. (AC +1) [potion of
                  | mutation]
  6200 | D:4      | Gained mutation: You possess an exceptional clarity of
                  | mind. [potion of mutation]
  6535 | D:6      | Noticed a komodo dragon
  6596 | D:6      | Killed a komodo dragon
  6597 | D:6      | Reached skill level 5 in Dodging
  6597 | D:6      | Reached skill level 11 in Stealth
  6597 | D:6      | Reached XP level 9. HP: 6/44 MP: 8/14
  7298 | D:6      | Reached skill level 1 in Slings
  7356 | D:6      | Found a burning altar of Makhleb.
  7786 | D:3      | Bought a scroll of identify for 20 gold pieces
  7786 | D:3      | Bought a scroll of blinking for 75 gold pieces
  7786 | D:3      | Bought a scroll of identify for 20 gold pieces
  8187 | D:7      | Found a staircase to the Ecumenical Temple.
  8761 | D:7      | Reached skill level 5 in Short Blades
  8922 | D:8      | Reached skill level 5 in Evocations
  9079 | D:8      | Reached XP level 10. HP: 49/49 MP: 17/17
  9313 | D:8      | Reached skill level 12 in Stealth
  9313 | D:8      | Reached skill level 5 in Hexes
  9389 | D:8      | Identified the +6 trident of Jockio {elec, Dex+4}
  9790 | D:8      | Found a hide-covered altar of Uskayaw.
 10099 | D:9      | Reached skill level 5 in Throwing
 10122 | D:9      | Reached skill level 5 in Spellcasting
 11055 | D:9      | Found a staircase to the Lair.
 11065 | D:9      | Bought a runed short sword for 186 gold pieces
 11321 | D:9      | Found a white marble altar of Elyvilon.
 11355 | D:9      | Found a basalt altar of Yredelemnul.
 11715 | D:9      | Noticed an orange demon
 11719 | D:9      | Mangled by an ice devil

Illustrated notes

Levels and vault maps discovered:
D:1:      giann_wishing_wells, layout_loops_ring,
          shapermc_ecumenical_altar_starsandcircs, minmay_tall_x
D:2:      layout_basic, minmay_misc_feat_tower, hex_large,
          kennysheep_generic_room_4
D:3:      layout_loops_corners, serial_shops, shop, shop, glass_columns_c
D:4:      layout_basic, serial_shops, shop
D:5:      layout_gridville, grunt_temple_overflow_open,
          kennysheep_cross_bottleneck
D:6:      layout_basic, mainiacjoe_overflow_alcove_2, minmay_bent, uniq_pikel
D:7:      layout_gridville, minmay_temple_entry_arrows
D:8:      layout_basic, mainiacjoe_overflow_six_doors_small
D:9:      lemuel_castle_with_subvaults [lemuel_castle_interior_carwin_2],
          layout_stronghold, nicolae_elyvilon_temple_path,
          kennysheep_little_box, abandoned_shop

Skill      XL: |  1  2  3  4  5  6  7  8  9 10 |
---------------+-------------------------------+-----
Stealth        | 6 7 8 9 10 11 12 | 12.5
Dodging        | 2 3 4 5 6 7 |  7.7
Fighting       | 2 3 |  3.8
Short Blades   | 3 4 5 |  5.9
Evocations     | 1 2 4 5 6 |  6.4
Shields        | 1 2 3 |  3.8
Throwing       | 3 4 5 |  5.4
Spellcasting   | 1 3 4 5 |  5.7
Hexes          | 1 3 4 6 |  6.2
Ice Magic      | 1 2 3 |  3.5
Slings         | 1 |  1.6

Action                   |  1- 3 |  4- 6 |  7- 9 | 10-12 || total
-------------------------+-------+-------+-------+-------++-------
Melee: Dagger            |    75 |   128 |   325 |   478 ||  1006
       Punch             |     1 |       |       |       ||     1
       Short sword       |       |       |       |   108 ||   108
 Fire: Hunting sling     |       |       |     8 |       ||     8
Throw: Dart              |    20 |    31 |    66 |    86 ||   203
       Boomerang         |       |     4 |       |       ||     4
       Stone             |       |       |     2 |       ||     2
Invok: Call Merchant     |       |       |       |     1 ||     1
Evoke: Wand              |       |     3 |    21 |    10 ||    34
  Use: Scroll            |       |    11 |     7 |     1 ||    19
       Potion            |       |       |     4 |     5 ||     9
 Stab: Sleeping          |    12 |    19 |    10 |       ||    41
       Paralysed         |       |       |     7 |       ||     7
       Distracted        |       |       |     1 |     6 ||     7
Armor: Robe              |     9 |    16 |    41 |    57 ||   123
Dodge: Dodged            |    35 |    60 |   205 |   365 ||   665
Block: Buckler           |       |    15 |    97 |   176 ||   288
